 Dungeon Crawl Stone Soup version 0.31-a0-1370-gf52a5a9ab3 (webtiles) character file.

Game seed: 5579862107688995834

154315 Sobieck the Marksdemigod (level 16, -12/141 (149) HPs)
             Began as a Demigod Hunter on Dec 22, 2023.
             Mangled by a pharaoh ant (43 damage)
             ... on level 3 of the Spider Nest on Dec 23, 2023.
             The game lasted 00:59:58 (27189 turns).

Sobieck the Marksdemigod (Demigod Hunter)          Turns: 27189, Time: 00:59:59

HP:   -12/141 (149) AC:  0    Str: 10    XL:     16   Next: 51%
MP:   19/19         EV: 40    Int: 11    God:
Gold: 2906          SH:  0    Dex: 38    Spells: 15/15 levels left

rFire   + . .        a - +5 arbalest (freeze)
rCold   + . .        (shield currently unavailable)
rNeg    . . .        J - +0 troll leather armour
rPois   .            q - +1 helmet
rElec   +            y - scarf {rC+ rF+}
rCorr   .            i - +1 pair of gloves {Dex+3}
SInv    .            (no boots)
Will    +....        c - amulet of the acrobat
Stlth   +++          v - ring of Ucohialo {rElec EV+5 Str-2 Dex-2 Slay+4}
HPRegen 1.23/turn    w - +5 ring of evasion
MPRegen 0.16/turn

%: acrobat
@: corroded, drained
A: high MP 1, forlorn, divine attributes
a: no special abilities


You were on level 3 of the Spider Nest.
You visited 4 branches of the dungeon, and saw 26 of its levels.
You also visited: Ice Cave.

You collected 3183 gold pieces.
You spent 277 gold pieces at shops.

Inventory:

Hand Weapons
 a - a +5 arbalest of freezing (weapon)
 l - the +6 hand axe of the Solstice {flame, rElec rF+ rN++ Stlth-}
   (You found it on level 2 of the Dungeon)

   rF+:       It protects you from fire.
   rElec:     It insulates you from electricity.
   rN++:      It greatly protects you from negative energy.
   Stlth-:    It makes you less stealthy.
 m - the +8 dagger of Uskegh {freeze, *Slow Fly Str+4}
   (You found it on level 4 of the Dungeon)

   Str+4:     It affects your strength (+4).
   Fly:       It grants you flight.
   *Slow:     It may slow you when you take damage.
Missiles
 Z - 4 throwing nets
Armour
 i - a +1 pair of gloves of dexterity (worn)
 q - a +1 helmet (worn)
 y - a scarf of resistance (worn)
 J - a +0 troll leather armour (worn)
Jewellery
 c - an amulet of the acrobat (around neck)
 f - a ring of protection from fire
 g - a ring of resist corrosion
 h - a ring of fire
 o - a ring of poison resistance
 r - an amulet of regeneration
 s - a ring of see invisible
 v - the ring of Ucohialo (left hand) {rElec EV+5 Str-2 Dex-2 Slay+4}
   (You found it on level 13 of the Dungeon)

   [ring of evasion]

   EV+5:      It affects your evasion (+5).
   Str-2:     It affects your strength (-2).
   Dex-2:     It affects your dexterity (-2).
   Slay+4:    It affects your accuracy & damage with ranged weapons and melee
   (+4).
   rElec:     It insulates you from electricity.
 w - a +5 ring of evasion (right hand)
 B - a ring of flight
 W - an amulet of magic regeneration
Wands
 d - a wand of polymorph (19)
 I - a wand of iceblast (4)
 M - a wand of mindburst (5)
 P - a wand of paralysis (18)
 V - a wand of flame (26)
Scrolls
 b - a scroll of blinking
 j - a scroll of torment
 n - 2 scrolls of fear
 C - 4 scrolls of immolation
 D - a scroll of revelation
 E - 3 scrolls of vulnerability
 F - 2 scrolls of fog
 T - 11 scrolls of teleportation
 X - 2 scrolls of poison
 Y - a scroll of enchant armour
Potions
 e - a potion of might
 k - 4 potions of berserk rage
 p - 2 potions of attraction
 t - 2 potions of cancellation
 u - a potion of magic
 x - 5 potions of brilliance
 z - 7 potions of ambrosia
 A - a potion of mutation
 G - 2 potions of resistance
 H - 4 potions of haste
 L - 3 potions of invisibility
 Q - 6 potions of curing
 S - 7 potions of lignification
 U - 3 potions of enlightenment
Miscellaneous
 K - a phantom mirror
 N - a sack of spiders
 O - a condenser vane


   Skills:
 + Level 15.3 Fighting
 - Level 18.0 Ranged Weapons
 - Level 7.0 Armour
 + Level 13.7 Dodging
 - Level 0.8 Stealth
 + Level 8.6 Evocations


You had 15 spell levels left.
You didn't know any spells.
Your spell library contained the following spells:

 Spells                   Type           Power      Damage    Failure   Level
 Apportation              Tloc           0%         N/A       41%         1
 Magic Dart               Conj           0%         1d3       41%         1
 Necrotise                Necr           0%         1d4       41%         1
 Sting                    Conj/Alch      0%         1d3       41%         1
 Summon Small Mammal      Summ           0%         N/A       41%         1
 Cigotuvi's Dreadful Rot  Necr/Alch/Air  0%         N/A       56%         2
 Searing Ray              Conj           0%         2d4       56%         2
 Call Canine Familiar     Summ           0%         N/A       80%         3
 Frozen Ramparts          Ice            0%         1d1       80%         3
 Inner Flame              Hex/Fire       0%         N/A       80%         3
 Summon Guardian Golem    Hex/Summ       0%         N/A       80%         3
 Brom's Barrelling Bould  Conj/Erth      0%         2d3       99%         4
 Cause Fear               Hex            0%         N/A       99%         4
 Dispel Undead            Necr           0%         3d6       99%         4
 Fulminant Prism          Conj/Alch      0%         3d5       99%         4
 Passage of Golubria      Tloc           0%         N/A       99%         4
 Vhi's Electric Charge    Tloc/Air       0%         N/A       99%         4
 Arcjolt                  Conj/Air       0%         1d10      100%        5
 Fireball                 Conj/Fire      0%         3d3       100%        5
 Irradiate                Conj/Alch      0%         3d11      100%        5
 Iskenderun's Battlesphe  Conj           0%         2d6       100%        5
 Metabolic Englaciation   Hex/Ice        0%         N/A       100%        5
 Silence                  Hex/Air        0%         N/A       100%        5
 Conjure Ball Lightning   Conj/Air       0%         3x3d6     100%        6
 Death Channel            Necr           0%         N/A       100%        6
 Plasma Beam              Fire/Air       0%         2x1d10    100%        6
 Orb of Destruction       Conj           0%         9d5       100%        7
 Ignition                 Fire           0%         3d3       100%        8
 Lehudib's Crystal Spear  Conj/Erth      0%         10d2      100%        8
 Dragon's Call            Summ           0%         N/A       100%        9


Dungeon Overview and Level Annotations

Branches:
Dungeon (15/15)            Temple (0/1) D:6            Lair (5/5) D:8
  Swamp (0/4) Lair:2       Spider (4/4) Lair:3        Slime (0/5) Lair:5
    Orc (2/2) D:12            Elf (0/3) Orc:2        Vaults (0/5) D:13
 Depths (0/4) D:15          IceCv (visited)

Shops:
D:2 [   D:6 *[   D:9 [   D:15 =[:[   Orc:2 =([([

Portals:
Abyss: Lair:5

Annotations:
D:7 2 runed translucent doors, exclusion: orange crystal statue
D:10 2 transporters, grandjackal's ghost, novice OnGl
Lair:4 1 runed translucent door, lotum's ghost, journeyman TeAE
Orc:1 3 runed translucent doors, Yvaitil's ghost, journeyman DsCK


Innate Abilities, Weirdness & Mutations

You have an increased reservoir of magic. (+10% MP)
You shall have no god before yourself.
Your divine heritage dramatically boosts your attributes as you level up.


Message History

You hear a chilling moan.
You hear a faint skittering sound.
A pharaoh ant comes into view.
An orb spider comes into view.
You shoot a bolt. The bolt hits the entropy weaver!
The bolt freezes the entropy weaver.
The entropy weaver is almost dead.
The entropy weaver completely misses you.
The entropy weaver hits you. x2
The entropy weaver completely misses you.
A wolf spider comes into view.
The entropy weaver completely misses you.
The entropy weaver hits you!
The entropy weaver completely misses you. x2
You shoot a bolt.
The bolt closely misses the entropy weaver.
The entropy weaver closely misses you.
The entropy weaver completely misses you. x2
The entropy weaver hits you!
The orb spider pulsates with a strange energy.
You shoot a bolt.
The bolt closely misses the entropy weaver.
The entropy weaver completely misses you. x2
The entropy weaver misses you.
The entropy weaver completely misses you.
The orb spider pulsates with a strange energy.
The orb spider spins a strand of pure energy.
You shoot a bolt. The bolt hits the entropy weaver!
The bolt freezes the entropy weaver.
You kill the entropy weaver!
The pharaoh ant completely misses you. The pharaoh ant bites you!!
The orb spider weaves a glowing orb of energy.
The orb of destruction hits a rock wall.
The wolf spider closely misses you. The wolf spider bites you!
You climb upwards.
There is a stone staircase leading down here.
Unknown command.
Unknown command.
You shoot a bolt. The bolt hits the pharaoh ant.
The bolt freezes the pharaoh ant.
The pharaoh ant is lightly damaged.
The pharaoh ant completely misses you. x2
You shoot a bolt. The bolt hits the pharaoh ant.
The bolt freezes the pharaoh ant.
The pharaoh ant is lightly damaged.
The pharaoh ant completely misses you.
You shoot a bolt. The bolt barely misses the pharaoh ant.
The pharaoh ant bites you!!
You feel drained.
* * * LOW HITPOINT WARNING * * *
The pharaoh ant bites you!!!
You die...

).................^#.............
...##.........................#..
####...(...................#.....
# ##...^^.......................
#..................#.........
#............................
###...........!........[..#..
###.>......#...............
#.....^B@.####....^....#.
##^....#### #.........## ####.##
#....##..## ### ###.###### ###


You could see a pharaoh ant.

Vanquished Creatures
  Jorgrun (D:14)
  Rupert (Lair:4)
  Kirke (Lair:4)
  Frances (Spider:2)
  2 emperor scorpions
  2 frost giants (IceCv)
  2 ghost moths (Spider:1)
  An ironbound preserver (D:13)
  4 broodmothers
  A very ugly thing (Spider:1)
  A white draconian (IceCv)
  2 spark wasps
  2 fire dragons (D:15)
  3 entropy weavers
  4 ice dragons (IceCv)
  9 hydras
  2 catoblepae
  Harold (D:10)
  3 radroaches
  An ogre mage (D:15)
  5 centaur warriors
  9 two-headed ogres
  9 ironbound frosthearts (IceCv)
  5 boulder beetles
  15 death yaks
  3 orc high priests (Orc:2)
  2 tengu warriors
  3 demonic crawlers
  2 thrashing horrors (Lair:5)
  Sonja (Orc:2)
  Amaemon (D:9)
  2 pharaoh ants
  2 skysharks
  Pikel (D:9)
  An orange crystal statue (IceCv)
  A lindwurm (Lair:5)
  4 steelbarb worms
  6 orb spiders
  4 orc knights (Orc:2)
  4 deep elf pyromancers
  An oklob plant (Lair:5)
  6 orc sorcerers
  3 cyclopes
  4 manticores
  25 ugly things
  10 wolf spiders
  7 elephants
  4 moths of wrath
  3 black mambas (Lair:5)
  5 kobold blastminers
  2 smoke demons (Lair:5)
  A large abomination (Lair:5)
  An orange demon (D:9)
  9 cane toads
  4 torpor snails
  2 unseen horrors (D:12)
  A gargoyle (D:13)
  12 rime drakes
  6 komodo dragons
  A komodo dragon (shapeshifter) (D:15)
  Psyche (D:9)
  2 efreet (D:13)
  A kobold demonologist (D:14)
  A tengu conjurer (D:13)
  A queen bee (D:13)
  10 polar bears
  3 meliai (D:13)
  7 trolls
  A tyrant leech (Lair:2)
  3 hornets
  2 meliai (shapeshifter) (Lair:5)
  2 raiju (Lair:5)
  21 blink frogs
  17 tarantellas
  7 dream sheep
  A blink frog (shapeshifter) (Lair:5)
  13 slime creatures
  13 jumping spiders
  3 shadows
  3 wraiths
  6 culicivoras
  7 small abominations (Lair:5)
  2 vampires
  Sigmund (D:5)
  A ynoxinul (Lair:5)
  2 hogs (Lair:4)
  5 wyverns
  A human (D:11)
  27 yaks
  6 basilisks
  A chaos spawn (Lair:5)
  20 redbacks
  A steam dragon (Lair:3)
  Edmund (D:4)
  14 water moccasins
  4 acid dragons
  2 swamp worms (Lair:2)
  15 orc warriors
  4 black bears
  6 ogres
  An ice beast (D:8)
  7 centaurs
  16 wolves
  A centaur (shapeshifter) (D:13)
  A lemure (D:9)
  2 kobold brigands
  4 phantoms
  11 bullfrogs
  A gnoll sergeant (D:8)
  6 scorpions
  11 wights
  14 killer bees
  2 electric eels (D:12)
  8 howler monkeys
  8 jellies
  4 hounds
  12 orc priests
  2 gnoll boudas
  Jessica (D:3)
  2 iguanas (D:6)
  Ijyb (D:3)
  23 orc wizards
  Terence (D:2)
  24 gnolls
  9 adders
  A shadow imp (D:7)
  2 bombardier beetles
  A white imp (D:5)
  6 dart slugs
  2 worms (D:2)
  53 orcs
  12 endoplasms
  4 giant cockroaches
  6 goblins
  9 hobgoblins
  8 jackals
  23 kobolds
  6 quokkas
  10 ball pythons
  7 bats
  3 frilled lizards
  5 rats
799 creatures vanquished.

Vanquished Creatures (others)
  An ogre mage (D:15)
  A yak (Lair:4)
  3 humans (Lair:4)
5 creatures vanquished.

Grand Total: 804 creatures vanquished

Notes
Turn   | Place    | Note
-------+----------+-------------------------------------------
     0 | D:1      | Sobieck the Demigod Hunter began the quest for the Orb.
     0 | D:1      | Reached XP level 1. HP: 17/17 MP: 3/3
    25 | D:1      | Reached skill level 4 in Ranged Weapons
    64 | D:1      | Reached XP level 2. HP: 17/24 MP: 4/4
   536 | D:2      | Found Zobraawi's Armour Emporium.
   545 | D:2      | Bought a +0 pair of gloves for 45 gold pieces
   545 | D:2      | Bought a +0 cloak for 45 gold pieces
   561 | D:2      | Reached XP level 3. HP: 29/29 MP: 5/5
   722 | D:2      | Identified the +6 hand axe of the Solstice {flame, rElec
                  | rF+ rN++ Stlth-}
   760 | D:2      | Reached skill level 5 in Ranged Weapons
  1170 | D:2      | Reached XP level 4. HP: 36/36 MP: 6/6
  1550 | D:3      | Noticed Terence
  1667 | D:2      | Killed Terence
  1773 | D:3      | Noticed Ijyb
  1784 | D:3      | Killed Ijyb
  1785 | D:3      | Reached skill level 6 in Ranged Weapons
  1785 | D:3      | Reached XP level 5. HP: 34/41 MP: 7/7
  1844 | D:3      | Noticed Jessica
  1856 | D:3      | Killed Jessica
  2254 | D:4      | Identified the +8 dagger of Uskegh {freeze, *Slow Fly
                  | Str+4}
  2293 | D:4      | Noticed Edmund
  2386 | D:4      | Noticed a black bear
  2403 | D:4      | Killed a black bear
  2404 | D:4      | Reached skill level 7 in Ranged Weapons
  2404 | D:4      | Reached XP level 6. HP: 12/48 MP: 8/8
  2809 | D:4      | Reached skill level 8 in Ranged Weapons
  2809 | D:4      | Reached XP level 7. HP: 44/53 MP: 9/9
  3117 | D:4      | Killed Edmund
  3333 | D:4      | Reached skill level 9 in Ranged Weapons
  3396 | D:5      | Entered Level 5 of the Dungeon
  3553 | D:5      | Noticed Sigmund
  3623 | D:5      | Killed Sigmund
  3707 | D:5      | Reached XP level 8. HP: 39/60 MP: 10/10
  3709 | D:5      | Reached skill level 10 in Ranged Weapons
  4054 | D:5      | Reached skill level 3 in Fighting
  4054 | D:5      | Reached skill level 3 in Dodging
  4221 | D:6      | Found Padaghib's Antique Armour Emporium.
  4285 | D:6      | Found Zin's Purification Station.
  4404 | D:6      | Found a staircase to the Ecumenical Temple.
  4996 | D:6      | Noticed a two-headed ogre
  5081 | D:6      | Killed a two-headed ogre
  5082 | D:6      | Reached XP level 9. HP: 59/72 MP: 11/11
  5413 | D:7      | Found a runed translucent door.
  5430 | D:7      | Reached skill level 11 in Ranged Weapons
  5466 | D:7      | Found the +10 tower shield of Ignorance {rN+ Int-4}
  5492 | D:7      | Found a runed translucent door.
  5498 | D:7      | Noticed an orange crystal statue
  7067 | D:8      | Reached skill level 6 in Fighting
  7069 | D:8      | Noticed an elephant
  7071 | D:8      | Reached skill level 6 in Dodging
  7099 | D:7      | Killed an elephant
  7100 | D:7      | Reached XP level 10. HP: 78/83 MP: 13/13
  7225 | D:8      | Found a staircase to the Lair.
  7646 | D:9      | Noticed Psyche
  7657 | D:9      | Killed Psyche
  7786 | D:9      | Noticed Amaemon
  7794 | D:9      | Killed Amaemon
  7795 | D:9      | Reached skill level 12 in Ranged Weapons
  7907 | D:9      | Found Zinapiu's Antique Armour Shoppe.
  7924 | D:9      | Noticed Pikel
  7934 | D:9      | Killed Pikel
  8542 | D:10     | Entered Level 10 of the Dungeon
  8735 | D:10     | Found a transporter.
  8737 | D:10     | Noticed a two-headed ogre
  8741 | D:10     | Noticed a two-headed ogre
  8744 | D:10     | Noticed a brown ugly thing
  8767 | D:10     | Noticed grandjackal's ghost (novice OnGl)
  9067 | D:10     | Reached XP level 11. HP: 93/94 MP: 14/14
  9225 | D:10     | Noticed Harold
  9233 | D:10     | Killed Harold
  9306 | D:10     | Found a transporter.
  9606 | D:11     | Noticed a two-headed ogre
  9615 | D:11     | Killed a two-headed ogre
  9672 | D:11     | Reached skill level 13 in Ranged Weapons
  9988 | D:11     | Noticed a two-headed ogre
  9996 | D:11     | Killed a two-headed ogre
 10890 | D:12     | Reached skill level 14 in Ranged Weapons
 11114 | D:12     | Noticed a boulder beetle
 11146 | D:12     | Killed a boulder beetle
 11172 | D:12     | Found a staircase to the Orcish Mines.
 12055 | Orc:1    | Entered Level 1 of the Orcish Mines
 12074 | Orc:1    | Noticed a two-headed ogre
 12075 | Orc:1    | Noticed an ettin
 12079 | Orc:1    | Noticed Yvaitil's ghost (journeyman DsCK)
 12275 | Orc:1    | Noticed a sun demon
 12357 | Orc:1    | Found a runed translucent gate.
 12359 | Orc:1    | Found a runed translucent gate.
 12553 | Orc:1    | Found a runed translucent gate.
 12640 | Orc:2    | Entered Level 2 of the Orcish Mines
 12655 | Orc:2    | Noticed Sonja
 12662 | Orc:2    | Killed Sonja
 12746 | Orc:2    | Found a staircase to the Elven Halls.
 12801 | Orc:2    | Reached skill level 9 in Fighting
 13027 | Orc:2    | Reached skill level 9 in Dodging
 13027 | Orc:2    | Reached XP level 12. HP: 84/98 MP: 15/15
 13178 | Orc:2    | Found Miejues's Antique Armour Emporium.
 13493 | Orc:2    | Reached skill level 15 in Ranged Weapons
 13569 | Orc:2    | Found Daonkio's Weapon Shop.
 13569 | Orc:2    | Found Kickose's Antique Armour Shop.
 13570 | Orc:2    | Found Goceagemaa's Weapon Shoppe.
 13570 | Orc:2    | Found Jigak's Jewellery Shoppe.
 14096 | Lair:1   | Entered Level 1 of the Lair of Beasts
 14846 | Lair:2   | Noticed an eight-headed hydra
 14860 | Lair:2   | Killed an eight-headed hydra
 14922 | Lair:2   | Found a staircase to the Swamp.
 15332 | Lair:2   | Reached XP level 13. HP: 114/114 MP: 16/16
 16229 | Lair:3   | Found a hole to the Spider Nest.
 16433 | Lair:3   | Found a dark tunnel.
 16456 | Lair:3   | Reached skill level 16 in Ranged Weapons
 16969 | Lair:4   | Found a runed translucent door.
 16969 | Lair:4   | Noticed lotum's ghost (journeyman TeAE)
 17031 | Lair:4   | Noticed Kirke
 17043 | Lair:4   | Killed Kirke
 17086 | Lair:3   | Reached skill level 12 in Fighting
 17139 | Lair:4   | Noticed Rupert
 17148 | Lair:4   | Paralysed by Rupert for 4 turns
 17179 | Lair:4   | Killed Rupert
 18044 | Lair:5   | Entered Level 5 of the Lair of Beasts
 18244 | Lair:4   | HP: 1/119 [death yak (21)]
 18351 | Lair:3   | Reached XP level 14. HP: 119/127 MP: 17/17
 18464 | Lair:5   | Reached skill level 17 in Ranged Weapons
 18758 | Lair:5   | Found a staircase to the Slime Pits.
 19179 | Lair:5   | Reached skill level 18 in Ranged Weapons
 19219 | Lair:5   | Reached skill level 1 in Armour
 19219 | Lair:5   | Reached skill level 1 in Evocations
 19253 | Lair:5   | Found a one-way gate to the infinite horrors of the Abyss.
 19854 | D:13     | Noticed an ironbound preserver
 19860 | D:13     | Killed an ironbound preserver
 19867 | D:13     | Found a gate to the Vaults.
 20266 | D:12     | Reached skill level 3 in Evocations
 20269 | D:12     | Reached skill level 3 in Armour
 20833 | D:13     | Identified the ring of Ucohialo {rElec EV+5 Str-2 Dex-2
                  | Slay+4}
 20840 | D:13     | Identified the staff "Huifrote" {rC+++ Str-2 Int-5 Dex+6
                  | Earth}
 20842 | D:13     | Identified the +3 trident of Superiority {holy, *Corrode
                  | rPois rN+}
 20844 | D:13     | Identified the +1 flail "Codonau" {heavy, rCorr}
 21319 | D:14     | Noticed Jorgrun
 21328 | D:14     | Killed Jorgrun
 21329 | D:14     | Reached XP level 15. HP: 113/136 MP: 18/18
 21781 | D:15     | Entered Level 15 of the Dungeon
 22217 | D:15     | Found Ogeeb's Antique Armour Shop.
 22226 | D:15     | Bought a pair of runed gloves for 187 gold pieces
 22275 | D:15     | Identified a scroll of acquirement
 22276 | D:15     | Acquired 886 gold pieces
 22340 | D:15     | Found Cezivierch's Book Shoppe.
 22368 | D:15     | Reached skill level 12 in Dodging
 22387 | D:15     | Found Roabrim's Antique Armour Shoppe.
 22498 | D:15     | Found Mibb's Jewellery Shoppe.
 22625 | D:15     | Found a staircase to the Depths.
 22736 | D:15     | Upgraded the game from 0.31-a0-1338-gb567cfdca4 to
                  | 0.31-a0-1370-gf52a5a9ab3
 23037 | Spider:1 | Entered Level 1 of the Spider Nest
 23448 | Spider:1 | Found a frozen archway.
 23483 | IceCv    | Entered an ice cave
 23602 | IceCv    | Reached skill level 6 in Armour
 23602 | IceCv    | Reached skill level 6 in Evocations
 24201 | IceCv    | Got the Incunable of the Six Mystics
 24861 | Spider:1 | Reached XP level 16. HP: 90/147 MP: 19/19
 25256 | Spider:1 | Identified the +11 flail "Zusief" {spect, rElec}
 25500 | Spider:2 | Noticed Frances
 25513 | Spider:2 | Killed Frances
 26377 | Spider:3 | Reached skill level 15 in Fighting
 27172 | Spider:4 | Entered Level 4 of the Spider Nest
 27189 | Spider:3 | Mangled by a pharaoh ant

Illustrated notes

Levels and vault maps discovered:
D:1:      nzn_arrival_crosshair, layout_rooms,
          hellmonk_ecumenical_altar_lost_god
D:2:      layout_basic, serial_shops, nicolae_shop_tiny_statue_garden
D:3:      minmay_general_purpose_star, layout_basic, elyvilon_altar_1,
          uniq_jessica, uniq_ijyb, uniq_terence
D:4:      layout_gridville, lemuel_tele_altar,
          mainiacjoe_overflow_surrounded_room, kennysheep_slug_shrine,
          uniq_edmund
D:5:      layout_cave_pools, uniq_sigmund
D:6:      layout_basic, zin_purify, minmay_temple_entry_junction, serial_shops,
          shop, nicolae_water_bricks, hangedman_decor_points
D:7:      layout_layer_cave, nicolae_xom_altar_mimics,
          chequers_guarded_unrand_ignorance
D:8:      layout_basic, worldfamousw_hep_ancestral_shrine,
          lemuel_coloured_pillars_altar, david_lair_generic,
          grunt_decor_arrowhead
D:9:      layout_basic, nicolae_wu_jian_wuxing_cycle, serial_shops,
          nicolae_take_the_stairs, chequers_serial_rivers_micro_c, uniq_amaemon,
          uniq_psyche, uniq_pikel
D:10:     layout_grid_maze, mainiacjoe_overflow_chevrons, nzn_ghost_randoct,
          nrook_loot_triangle, uniq_harold
D:11:     layout_stronghold, minivault_23
D:12:     layout_roguey, erik_orc_4, serial_bayou_lagoon_a
D:13:     minmay_the_grid_octo_triangle [minmay_the_grid_octo_pinwheel,
          minmay_the_grid_octo_prize_ultimate_mussel_roller,
          minmay_the_grid_octo_clover_2], layout_layer_cave,
          skrybe_vaults_entry_preservation, minivault_11, minivault_7
D:14:     layout_basic, evilmike_ruin_ashenzari, uniq_jorgrun
D:15:     grunt_enter_depths_hoard, layout_grid_maze, serial_shops, shop,
          nicolae_lakefront_shop, shop, shop, chequers_serial_rivers_room_a
Lair:1:   layout_gridlike
Lair:2:   layout_cave_pods, palyth_hydra_swamp_entry,
          chequers_serial_rivers_micro_b, st_stairs_9, infiniplex_staircase_pool
Lair:3:   layout_regular_city, spider_nest_entry_webs,
          nicolae_volcano_entry_hallway, st_stairs_4
Lair:4:   statuecave_lemuel, layout_regular_city, ebering_ghost_xom,
          lemuel_fruit_tree, uniq_kirke, uniq_rupert
Lair:5:   hellmonk_lair_end_abyssal_woods, layout_big_grid,
          nicolae_slime_entry_slimehenge, chequers_serial_rivers_micro_a,
          nicolae_lair_grove_arrangements, grunt_megastairs_2,
          lemuel_fruit_fields
Spider:1: nicolae_spider_brood_tunnel, portal_ice_cave_entry_ugly_swarm,
          nicolae_spider_not_touching_you
Spider:2: layout_spider_delve, hangedman_spider_tarantella_strand, uniq_frances
Spider:3: cheibrodos_spider_silkery
Spider:4: johnstein_spider_rune_arachne_lair, spiders_nest_ghost_moth_duel,
          uniq_arachne
Orc:1:    layout_diamond_mine, gammafunk_ghost_split
Orc:2:    st_orc_elflike, layout_caves, serial_shops,
          nicolae_shop_getting_attention, uniq_sonja

Skill      XL: |  1  2  3  4  5  6  7  8  9 10 11 12 13 14 15 16 |
---------------+-------------------------------------------------+-----
Ranged Weapons | 4 5 6 7 8 9 10 11 12 14 15 16 18 | 18.0
Fighting       | 4 6 8 9 10 12 13 14 15 | 15.3
Dodging        | 4 6 7 9 10 11 12 13 | 13.7
Armour         | 4 7 |  7.0
Evocations     | 4 7 8 |  8.6
Stealth        | |  0.8

Action                     |  1- 3 |  4- 6 |  7- 9 | 10-12 | 13-15 | 16-18 || total
---------------------------+-------+-------+-------+-------+-------+-------++-------
  Melee: Unarmed           |       |     6 |       |       |       |       ||     6
         Arbalest          |       |       |       |       |     3 |       ||     3
   Fire: Shortbow          |   140 |   172 |   360 |   312 |       |       ||   984
         Orcbow            |       |       |       |   364 |       |       ||   364
         Arbalest          |       |       |       |   200 |  1098 |   242 ||  1540
    Use: Scroll            |       |    10 |     5 |    13 |    21 |     5 ||    54
         Potion            |       |       |       |     5 |     5 |       ||    10
   Stab: Confused          |       |     1 |       |       |       |       ||     1
 Armour: Leather armour    |    28 |    46 |    85 |     4 |       |       ||   163
         Skin              |       |     2 |       |       |       |       ||     2
         Acid dragon scale |       |       |       |    32 |       |       ||    32
         Troll leather arm |       |       |       |   140 |   273 |    37 ||   450
  Dodge: Dodged            |    48 |    38 |   141 |   474 |   892 |   212 ||  1805

Table legend: (Time is in decaauts)
 A = Elapsed time spent in this place.
 B = Non-inter-level travel time spent in this place.
 C = Inter-level travel time spent in this place.
 D = Time resting spent in this place.
 E = Time spent auto-exploring this place.
 F = Levels seen in this place.
 G = Mean time per level.
                   A        B        C        D        E       F      G
               +--------+--------+--------+--------+--------+-----+--------+
         Total |  27237 |  25512 |   1725 |   3171 |  15884 |  27 | 1008.8 |
       Dungeon |  16086 |  14816 |   1270 |   1368 |  10155 |  15 | 1072.4 |
          Lair |   5700 |   5437 |    263 |    488 |   3738 |   5 | 1140.0 |
   Spider Nest |   2839 |   2758 |     81 |    855 |   1150 |   4 |  709.8 |
  Orcish Mines |   1466 |   1356 |    110 |     56 |    602 |   2 |  733.0 |
      Ice Cave |   1144 |   1144 |      0 |    403 |    238 |   1 | 1144.0 |
               +--------+--------+--------+--------+--------+-----+--------+

Top non-repeatable levels by time:
    D:12: 1774 daAuts
    D:13: 1418 daAuts
    D:11: 1344 daAuts
  Lair:3: 1290 daAuts
  Lair:4: 1248 daAuts
     D:7: 1237 daAuts
  Lair:5: 1226 daAuts
  Lair:2: 1224 daAuts
     D:6: 1155 daAuts
     D:4: 1151 daAuts
   IceCv: 1144 daAuts
     D:8: 1093 daAuts
Spider:1: 1058 daAuts
     D:9: 1046 daAuts
    D:10: 1037 daAuts
